 Dungeon Crawl Stone Soup version 0.31.0-9-g3a7656b989 (webtiles) character file.

Game seed: 14124990565917727994

8 EnegeticOcto the Ruffian (level 2, 29/29 HPs)
             Began as a Troll Monk on Jan 31, 2024.
             Quit the game on level 1 of the Dungeon.
             The game lasted 00:00:12 (104 turns).

EnegeticOcto the Ruffian (Troll Monk)                Turns: 104, Time: 00:00:12

Health: 29/29      AC:  4    Str: 18    XL:     2   Next: 0%
Magic:  1/1        EV: 10    Int:  6    God:
Gold:   12         SH:  0    Dex: 12    Spells: 1/1 levels left

rFire   . .          .
                       - Unarmed
rCold   . . .        c - orb {light}
rNeg    . . .        a - +0 robe
rPois   .            (helmet restricted)
rElec   .            (no cloak)
rCorr   .            (gloves unavailable)
SInv    .            (boots unavailable)
Will    .....        (no amulet)
Stlth   +            (no ring)
HPRegen 1.04/turn    (no ring)
MPRegen 0.07/turn

%: no passive effects
@: glowing
A: large, unfitting armour, claws 3, regeneration 1, shaggy fur 1, tough skin 1
a: no special abilities


You were on level 1 of the Dungeon.
You visited 1 branch of the dungeon, and saw 1 of its levels.

You collected 12 gold pieces.

Inventory:

Armour
 a - a +0 robe (worn)
 c - an orb of light (worn)
Scrolls
 d - a scroll of identify {unknown}
Potions
 b - a potion of ambrosia


   Skills:
 + Level 2.5 Fighting
 + Level 2.5 Dodging
 * Level 3.2 Unarmed Combat


You had one spell level left.
You didn't know any spells.
Your spell library was empty.

Dungeon Overview and Level Annotations

Branches:
Dungeon (1/15) Zot: 5896

Altars:


Innate Abilities, Weirdness & Mutations

You are too large for most types of armour.
You have claws for hands.
Your natural rate of healing is unusually fast.
You are covered in fur. (AC +1)
You have tough skin. (AC +1)


Message History

Welcome, EnegeticOcto the Troll Monk.
A smirking vizier told you that the Orb of Zot is just within this dungeon.
Press ? for a list of commands and other information.
Found a staircase leading out of the dungeon.
You open the large door.
There is a large open door here.
You open the large door.
There is a large open door here.
The rat squeaks loudly.
You open the large door.
A frilled lizard comes into view.
The frilled lizard hisses angrily.
There are monsters nearby!
There are monsters nearby!
There are monsters nearby!
The rat barely misses you.
There is a large open door here.
You claw the rat!
You kill the rat!
The frilled lizard barely misses you.
You scratch the frilled lizard.
You kill the frilled lizard!
No target in view!
No target in view!
No target in view!
You see here a frilled lizard corpse.
A goblin comes into view. It is wielding a +0 club.
The goblin shouts!
The goblin barely misses you.
You claw the goblin!
You kill the goblin!
No target in view!
No target in view!
No target in view!
No target in view!
d - a scroll labelled FIOSUR VOIXZAN You now have 6 gold pieces.
You now have 12 gold pieces (gained 6).
A hobgoblin comes into view.
The hobgoblin shouts!
A hobgoblin is nearby!
A hobgoblin is nearby!
The hobgoblin barely misses you.
You barely miss the hobgoblin. The hobgoblin barely misses you.
You scratch the hobgoblin.
The hobgoblin is severely wounded.
The hobgoblin hits you but does no damage.
You scratch the hobgoblin.
The hobgoblin is almost dead.
The hobgoblin barely misses you.
You claw the hobgoblin!
You kill the hobgoblin!
No target in view!
No target in view!
Found a human skeleton.
A jackal comes into view.
Found a human skeleton.
The jackal barks!
A jackal comes into view. x2
There are monsters nearby!
Found a fizzy blue potion.
The jackal barks! x2
Found a faded altar of an unknown god.
The jackal bites you. The jackal closely misses you.
You scratch the jackal.
The jackal is moderately wounded.
The jackal barely misses you. x2
You claw the jackal!
You kill the jackal!
The jackal closely misses you. x2
You claw the jackal!
You kill the jackal!
The jackal bites you but does no damage. x2
You claw the jackal!
You kill the jackal!
You have reached level 2!
There is a faded altar of an unknown god here.
This altar belongs to (a) the Shining One, (b) Nemelex Xobeh or (c) Ashenzari, but you can't tell which.
Press the corresponding letter to learn more about a god, or press enter to convert or escape to cancel.
Okay, then.
Are you sure you want to abandon this character and quit the game? (Confirm with "yes".)

...).### #.# #.#
#......# #.# #.#
###..#.###.####.#####.#
###..#.................
...........####.#####.#
###..####### #.#
#..##########.#
#............##########
########.#####@......8#
#.###.#.....÷..#
#.....#.......!#
####.##.....÷..#
#.##.......8#
#..##.8.8.8.#
##....####### ######


There were no monsters in sight!

Vanquished Creatures
  A goblin (D:1)
  A hobgoblin (D:1)
  3 jackals (D:1)
  A frilled lizard (D:1)
  A rat (D:1)
7 creatures vanquished.

Notes
Turn   | Place    | Note
-------+----------+-------------------------------------------
     0 | D:1      | EnegeticOcto the Troll Monk began the quest for the Orb.
     0 | D:1      | Reached XP level 1. HP: 22/22 MP: 0/0
    93 | D:1      | Found a faded altar of an unknown god.
    99 | D:1      | Reached XP level 2. HP: 29/29 MP: 1/1
   104 | D:1      | Quit the game

Illustrated notes

Levels and vault maps discovered:
D:1:      lightli_arrival_isolated_outpost, layout_loops_ring,
          shapermc_ecumenical_altar_pompeii

Action                     || total
---------------------------++-------
  Melee: Unarmed           ||    11
 Armour: Robe              ||     4
  Dodge: Dodged            ||    11

Table legend:
 A = Kills in this place as a percentage of kills in the entire game.
 B = Kills by you in this place as a percentage of kills by you in the entire game.
 C = Kills by friends in this place as a percentage of kills by friends in the entire game.
 D = Other kills in this place as a percentage of other kills in the entire game.
 E = Experience gained in this place as a percentage of experience gained in the entire game.
 F = Experience gained in this place divided by the number of levels of this place that you have seen.
                   A       B       C       D       E      F
               +-------+-------+-------+-------+-------+----------------------
         Total | 100.0 | 100.0 |   N/A |   N/A | 100.0 |  12.0
       Dungeon | 100.0 | 100.0 |   N/A |   N/A | 100.0 |  12.0
               +-------+-------+-------+-------+-------+----------------------

Table legend: (Time is in decaauts)
 A = Elapsed time spent in this place.
 B = Non-inter-level travel time spent in this place.
 C = Inter-level travel time spent in this place.
 D = Time resting spent in this place.
 E = Time spent auto-exploring this place.
 F = Levels seen in this place.
 G = Mean time per level.
                   A        B        C        D        E       F      G
               +--------+--------+--------+--------+--------+-----+--------+
         Total |    103 |    103 |      0 |      0 |     72 |   1 |  103.0 |
       Dungeon |    103 |    103 |      0 |      0 |     72 |   1 |  103.0 |
               +--------+--------+--------+--------+--------+-----+--------+

Top non-repeatable levels by time:
     D:1: 103 daAuts
